Map: Blackpink LE

Players

Juxtapose

  • Race: Zerg Zerg
  • League: Platinum
  • Spawn Location: 1:00

TheHorror - Winner!

  • Race: Protoss Protoss
  • League: Platinum
  • Spawn Location: 7:00

VOD

https://youtu.be/qaIUbd24xhY

Description

Like most Protoss, I expected my opponent to perform an Oracle harass, so I built my usual Spore Crawlers at my main and natural expansion to ward them away.

Sure enough, that Oracle flies in to my main, and I grab my Queen to assist my Spore Crawler, only to notice that nothing but my Queen is attacking.

Utterly confused as my Queen is targeted down, I realize the stupid Drone must have gotten "blocked" and failed to Morph into a Spore Crawler!

I then go on to loose twelve Drones, and feeling extremely frustrated and aggravated over the AI's inability to do something so simple, the match was pretty much written from there.

Time

  • Played on: Feb. 18, 2018, 10:28 a.m.
  • Length: 9:57
Show
View Real Time Build Order
Export as new Build Order

Juxtapose Zerg 

Build Orders: Hatch First 

Get SALT Encoding   

  12  0:01  Drone  
  13  0:08  Drone  
  14  0:17  Overlord  
  14  0:35  Drone x2  
  16  0:55  Hatchery  
  16  0:56  Drone  
  16  1:02  Extractor, Drone  
  16  1:13  Spawning Pool  
  16  1:17  Drone  
  16  1:23  Overlord  
  16  1:31  Drone x2  
  18  1:45  Drone  
  19  2:06  Queen  
  22  2:08  Zergling x4  
  22  2:10  Queen  
  25  2:16  Zergling x2  
  25  2:17  Zergling x2  
  27  2:31  Zergling x4  
  27  2:32  Drone  
  27  2:36  Metabolic Boost  
  30  2:45  Drone x3  
  32  3:00  Drone x2  
  34  3:07  Extractor  
  34  3:08  Drone  
  34  3:11  Overlord  
  34  3:12  Overlord  
  34  3:24  Drone x2, Spore Crawler  
  34  3:25  Drone  
  36  3:35  Lair  
  36  3:39  Roach Warren  
  35  3:46  Queen  
  37  3:53  Drone x2  
  39  4:09  Evolution Chamber  
  38  4:15  Spore Crawler  
  30  4:27  Queen  
  27  4:36  Drone x4  
  29  5:04  Drone x5  
  29  5:06  Drone x2  
  36  5:24  Hydralisk Den  
  36  5:26  Drone x4  
  36  5:27  Drone  
  40  5:31  Overlord  
  40  5:39  Zerg Missile Weapons Level 1  
  40  5:41  Roach  
  42  5:52  Drone x4  
  42  5:53  Roach x2  
  50  6:01  Glial Reconstitution  
  50  6:05  Drone x2  
  50  6:08  Extractor  
  50  6:09  Overlord  
  50  6:10  Extractor  
  50  6:43  Drone x3  
  50  6:44  Drone x2  
  50  6:45  Drone  
  56  6:56  Roach x2  
  60  7:14  Hatchery  
  59  7:16  Overlord x3  
  59  7:25  Pneumatized Carapace  
  59  7:28  Grooved Spines  
  59  7:33  Queen  
  61  7:42  Overseer x2  
  61  7:59  Drone  
  61  8:03  Hydralisk x2  
  66  8:06  Zergling x10  
  66  8:07  Zergling x2  
  72  8:32  Drone  
  72  8:33  Drone x3  
  76  8:39  Drone x4  
  76  8:40  Drone x2  
  82  8:55  Drone x3  
  85  9:04  Spore Crawler  
  83  9:17  Hydralisk x3  
  83  9:19  Overlord x2  
  83  9:20  Overlord  
  89  9:41  Lurker Den  
Show
View Real Time Build Order
Export as new Build Order

TheHorror Protoss - Winner!

Build Orders: Oracle Opening, Phoenix Opening 

Get SALT Encoding   

  12  0:01  Probe  
  13  0:13  Probe  
  14  0:21  Pylon  
  14  0:25  Probe  
  15  0:39  Probe (Chrono Boost)  
  16  0:43  Gateway  
  16  0:49  Probe (Chrono Boost)  
  17  0:51  Assimilator  
  17  0:54  Probe (Chrono Boost)  
  18  1:01  Assimilator  
  18  1:05  Probe  
  19  1:18  Gateway  
  19  1:29  Probe  
  20  1:37  Cybernetics Core  
  20  1:41  Probe (Chrono Boost)  
  20  1:44  Pylon  
  21  1:52  Probe (Chrono Boost)  
  22  1:57  Probe (Chrono Boost)  
  23  2:02  Zealot  
  23  2:07  Probe  
  26  2:17  Stargate  
  26  2:18  Warp Gate  
  26  2:37  Adept x2  
  29  2:52  Pylon  
  29  3:07  Oracle (Chrono Boost)  
  29  3:09  Nexus  
  32  3:16  Probe  
  33  3:22  Sentry  
  33  3:23  Adept  
  37  3:32  Pylon  
  37  3:35  Probe  
  38  3:48  Probe  
  39  3:50  Phoenix  
  41  4:00  Probe, Gateway  
  42  4:45  Probe x2  
  44  4:57  Probe x2  
  46  5:09  Probe x2  
  48  5:24  Adept x2  
  48  5:26  Probe (Chrono Boost)  
  48  5:27  Adept, Probe (Chrono Boost)  
  56  5:36  Gateway  
  56  5:37  Twilight Council  
  56  5:38  Probe x2 (Chrono Boost)  
  58  5:43  Probe x2 (Chrono Boost)  
  60  5:58  Stalker  
  62  6:06  Pylon  
  62  6:19  Probe x2, Pylon  
  62  6:23  Charge (Chrono Boost)  
  62  6:24  Oracle  
  64  6:31  Probe x2  
  66  6:35  Assimilator  
  66  6:38  Assimilator  
  66  6:40  Pylon  
  66  6:46  Stalker x3  
  72  6:49  Templar Archives, Zealot  
  72  6:51  Robotics Facility  
  74  7:00  Probe x2  
  76  7:16  Gateway  
  76  7:17  Pylon  
  76  7:20  Gateway  
  76  7:22  Zealot  
  78  7:24  Zealot x3  
  84  7:36  Nexus  
  84  7:38  Pylon  
  84  7:40  Probe x2  
  84  7:41  Pylon  
  84  7:44  Shield Battery  
  86  7:46  Pylon  
  86  7:50  Zealot x4  
  94  7:54  Forge  
  94  7:56  Probe x2  
  96  8:01  Observer (Chrono Boost)  
  96  8:02  Pylon  
  97  8:15  Immortal (Chrono Boost), High Templar  
  97  8:16  High Templar  
  97  8:17  High Templar x2  
  97  8:18  High Templar  
  111  8:24  Archon  
  111  8:25  Archon  
  111  8:27  Psionic Storm  
  111  8:53  Immortal (Chrono Boost)  
  115  9:00  Zealot x2  
  115  9:02  Zealot x3  
  125  9:04  Probe x3  
  128  9:12  Pylon  
  128  9:15  Gateway  
  128  9:16  Probe x3  
  135  9:41  Zealot x2  
  135  9:42  Zealot x2  
Tags
 
Add a new tag
Caveats
  • Supply blocks, unpowered buildings, or Contaminate may cause inaccurate times.
  • Supply counts are checked every 10 seconds.